Map: Last Fantasy LE

Players

mvpeterson

  • Race: Zerg Zerg
  • League: Platinum
  • Spawn Location: 7:00

SubN - Winner!

  • Race: Zerg Zerg
  • League: Diamond
  • Spawn Location: 3:00

VOD

Have the link to the VOD?

Description

Time

  • Played on: July 28, 2025, 6 p.m.
  • Length: 3:10
Show
View Real Time Build Order
Export as new Build Order

mvpeterson Zerg 

Build Orders: Hatch First 

Get SALT Encoding   

  12  0:00  Drone  
  13  0:15  Drone  
  13  0:18  Extractor  
  13  0:19  Drone  
  15  0:40  Hatchery  
  15  0:42  Extractor  
  13  0:43  Drone  
  13  0:48  Overlord  
  15  1:06  Overlord  
  15  1:12  Spawning Pool  
  15  1:13  Extractor  
  14  1:25  Drone x2  
  14  1:26  Drone  
  16  1:48  Drone x2  
  18  1:56  Drone  
  18  2:00  Queen  
  21  2:04  Queen  
  23  2:21  Drone x3  
  26  2:31  Evolution Chamber  
  25  2:46  Drone x4  
  25  2:47  Drone x2  
  31  2:53  Evolution Chamber  
  30  3:01  Spine Crawler  
Show
View Real Time Build Order
Export as new Build Order

SubN Zerg - Winner!

Build Orders: Pool First 

Get SALT Encoding   

  12  0:00  Drone  
  13  0:08  Drone  
  13  0:14  Extractor  
  13  0:29  Spawning Pool  
  12  0:55  Hatchery  
  11  1:17  Queen  
  13  1:25  Metabolic Boost  
  13  1:34  Overlord  
  14  1:40  Zergling x2  
  14  1:56  Zergling x4  
  16  2:05  Zergling x2  
  17  2:09  Zergling x4  
  19  2:19  Zergling x4  
  21  2:29  Zergling x4  
  23  2:39  Zergling x2  
  23  2:40  Zergling x6  
  27  2:45  Zergling x2  
Tags
 
Add a new tag
Caveats
  • Supply blocks, unpowered buildings, or Contaminate may cause inaccurate times.
  • Supply counts are checked every 10 seconds.